 Seeded DCSS version 0.28.0-62-gf88900778d (webtiles) character file.

Game seed: 13591998346360536447 (custom seed)

9 Psyclone the Conjurer (level 2, -1/20 HPs)
             Began as a Gnoll Conjurer on Oct 25, 2023.
             Slain by a goblin
             ... wielding a +0 club
              (3 damage)
             ... on level 2 of the Dungeon.
             The game lasted 00:00:21 (649 turns).

Psyclone the Conjurer (Gnoll Conjurer)               Turns: 649, Time: 00:00:21

Health: -1/20      AC:  2    Str: 12    XL:     2   Next: 12%
Magic:  7/7        EV: 13    Int: 24    God:
Gold:   1398       SH:  0    Dex: 10    Spells: 9/10 levels left

rFire   + + .      SeeInvis .   (no weapon)
rCold   . . .      Faith    .   (no shield)
rNeg    . . .      Spirit   .   a - +0 robe
rPois   .          Reflect  .   (no helmet)
rElec   .          Harm     .   (no cloak)
rCorr   +          Rampage  .   (no gloves)
Will    .....                   (no boots)
Stlth   ++........              (no amulet)
HPRegen 0.06/turn               b - ring of Autumn {rF++ rCorr Str+6 Int+7}
MPRegen 0.10/turn               (no ring)

@: about to teleport
A: fangs 1, strong nose, distributed training
a: no special abilities


You were on level 2 of the Dungeon.
You visited 1 branch of the dungeon, and saw 2 of its levels.

You collected 1398 gold pieces.

Inventory:

Armour
 a - a +0 robe (worn)
Jewellery
 b - the ring of Autumn (left hand) {rF++ rCorr Str+6 Int+7}
   (You acquired it on level 2 of the Dungeon)

   [ring of strength]

   Str:       It affects your strength (+6).
   Int:       It affects your intelligence (+7).
   rF:        It greatly protects you from fire.
   rCorr:     It protects you from acid and corrosion.
Scrolls
 d - a scroll of acquirement


   Skills:
 + Level 0.3 Fighting
 + Level 0.3 Short Blades
 + Level 0.3 Long Blades
 + Level 0.3 Axes
 + Level 0.3 Maces & Flails
 + Level 0.3 Polearms
 + Level 0.3 Staves
 + Level 0.3 Slings
 + Level 0.3 Bows
 + Level 0.3 Crossbows
 + Level 0.3 Throwing
 + Level 0.3 Armour
 + Level 4.4 Dodging
 + Level 4.0 Stealth
 + Level 0.3 Shields
 + Level 0.3 Unarmed Combat
 + Level 4.9 Spellcasting
 + Level 7.0 Conjurations
 + Level 0.2 Hexes
 + Level 0.2 Summonings
 + Level 0.2 Necromancy
 + Level 0.2 Translocations
 + Level 0.2 Transmutations
 + Level 0.2 Fire Magic
 + Level 0.2 Ice Magic
 + Level 0.2 Air Magic
 + Level 0.2 Earth Magic
 + Level 0.2 Poison Magic
 + Level 0.4 Invocations
 + Level 0.3 Evocations


You had 9 spell levels left.
You knew the following spells:

 Your Spells              Type           Power      Damage    Failure   Level
a - Magic Dart            Conj           100%       1d8       1%          1

Your spell library contained the following spells:

 Spells                   Type           Power      Damage    Failure   Level
 Searing Ray              Conj           78%        2d7       1%          2
 Dazzling Flash           Conj/Hex       46%        N/A       6%          3
 Fulminant Prism          Conj/Hex       11%        3d9       21%         4
 Iskenderun's Mystic Bla  Conj/Tloc      23%        2d6       21%         4


Dungeon Overview and Level Annotations

Branches:
Dungeon (2/15)

Altars:


Innate Abilities, Weirdness & Mutations

You have very sharp teeth.
Your uncanny sense of smell can sniff out nearby items.
Your experience applies equally to all skills.


Message History

The goblin barely misses you. The goblin misses you.
The goblin closely misses you. The goblin hits you with a +0 club.
The goblin hits you with a +0 club. The goblin barely misses you.
The goblin closely misses you. The goblin hits you with a +0 club.
You take 11 damage, and have 9/20 hp.
MASSIVE DAMAGE!!
The goblin completely misses you. The goblin closely misses you.
The goblin hits you but does no damage. The goblin hits you with a +0 club.
The goblin closely misses you. The goblin hits you with a +0 club.
* * * LOW HITPOINT WARNING * * *
The goblin hits you but does no damage. The goblin barely misses you.
The goblin misses you. The goblin hits you with a +0 club.
* * * LOW HITPOINT WARNING * * *
The goblin barely misses you. The goblin misses you.
The goblin hits you with a +0 club.
* * * LOW HITPOINT WARNING * * *
The goblin hits you but does no damage. The goblin hits you but does no damage.
The goblin barely misses you. The goblin hits you but does no damage.
The goblin hits you but does no damage. The goblin barely misses you.
The goblin hits you with a +0 club.
* * * LOW HITPOINT WARNING * * *
The goblin misses you. The goblin barely misses you.
The goblin closely misses you.
As you read the scroll labelled RYRIN GIME, it crumbles to dust.
You feel strangely unstable.
It was a scroll of teleportation.
The goblin hits you with a +0 club.
You die...

..... #..#
......#..#
#.....#..#
S.........#
#..†...#..#
#...###..# #
###.......# .#
#....##...##.#
#....g@.....###
#..............
#.##..<.....###
. ###...##.#
#...# ... ##.##
### #.# ..# ###


You could see a goblin.

Vanquished Creatures
  3 jackals (D:1)
  A kobold (D:1)
  A quokka (D:2)
  A ball python (D:1)
  2 rats (D:1)
8 creatures vanquished.

Notes
Turn   | Place    | Note
-------+----------+-------------------------------------------
     0 | D:1      | Psyclone the Gnoll Conjurer began the quest for the Orb.
     0 | D:1      | Reached XP level 1. HP: 13/13 MP: 6/6
   319 | D:2      | Identified a scroll of acquirement
   319 | D:2      | Acquired the ring of Autumn {rF++ rCorr Str+6 Int+7}
   382 | D:1      | Reached XP level 2. HP: 19/19 MP: 5/7
   513 | D:2      | Acquired 1369 gold pieces
   649 | D:2      | Slain by a goblin

Illustrated notes

Levels and vault maps discovered:
D:1:      wander_arrival_fairy_ring, layout_basic, chequers_serial_rivers_room_a
D:2:      layout_loops_ring, shapermc_ecumenical_altar_venn, uniq_natasha

Action                   || total
-------------------------++-------
 Cast: Magic Dart        ||     9
  Use: Scroll            ||     3
Armor: Robe              ||     7
Dodge: Dodged            ||    23
